 Dungeon Crawl Stone Soup version 0.30-a0-757-ga6a79fd877 (webtiles) character file.

Game seed: 3049234179579696240

5 Ghostmaker01 the Chiller (level 1, -2/13 HPs)
             Began as a Vampire Ice Elementalist on Feb 9, 2023.
             Slain by a gnoll
             ... wielding a +0 spear
              (9 damage)
             ... on level 1 of the Dungeon.
             The game lasted 00:02:05 (99 turns).

Ghostmaker01 the Chiller (Vampire Ice Elementalist)   Turns: 99, Time: 00:02:05

Health: -2/13      AC:  2    Str:  7    XL:     1   Next: 66%
Magic:  1/3        EV: 12    Int: 17    God:
Gold:   0          SH:  0    Dex: 14    Spells: 3/4 levels left

rFire   . . .      SeeInvis +    (no weapon)
rCold   . . .      Faith    .    (no shield)
rNeg    . . .      Spirit   .    a - +0 robe
rPois   .          Reflect  .    (no helmet)
rElec   .          Harm     .    (no cloak)
rCorr   .          Rampage  .    (no gloves)
Will    .....                    (no boots)
Stlth   ++                       (no amulet)
HPRegen 0.42/turn                (no ring)
MPRegen 0.08/turn                (no ring)

@: healing quickly
A: alive, fangs 3, see invisible, vampiric 1
a: Exsanguinate


You were on level 1 of the Dungeon.
You visited 1 branch of the dungeon, and saw 1 of its levels.

Inventory:

Armour
 a - a +0 robe (worn)
Scrolls
 b - a scroll of noise {unknown}


   Skills:
 + Level 2.3 Dodging
 + Level 3.1 Stealth
 + Level 2.0 Spellcasting
 + Level 4.2 Ice Magic


You had 3 spell levels left.
You knew the following spells:

 Your Spells              Type           Power      Damage    Failure   Level
a - Freeze                Ice            60%        1d7       3%          1

Your spell library contained the following spells:

 Spells                   Type           Power      Damage    Failure   Level
 Frozen Ramparts          Ice            30%        1d5       11%         3
 Ozocubu's Armour         Ice            15%        N/A       11%         3
 Summon Ice Beast         Ice/Summ       8%         N/A       63%         4


Dungeon Overview and Level Annotations

Branches:
Dungeon (1/15)

Altars:


Innate Abilities, Weirdness & Mutations

Your natural rate of healing is accelerated.
You have razor-sharp teeth.
You have supernaturally acute eyesight. (SInv)
You are afflicted with vampirism.


Message History

A dart slug is nearby!
A rat, a frilled lizard and a gnoll come into view.
Casting: Freeze (safe; 3% risk of failure)
Confirm with . or Enter, or press ? or * to list all spells.
Aiming: Freeze (safe; 3% risk of failure)
Press: ? - help, Shift-Dir - straight line, f - dart slug
Aim: a dart slug (asleep)
You freeze the dart slug.
The dart slug is moderately wounded.
The frilled lizard hisses angrily.
The dart slug barely misses you.
Casting: Freeze (safe; 3% risk of failure)
Confirm with . or Enter, or press ? or * to list all spells.
Aiming: Freeze (safe; 3% risk of failure)
Press: ? - help, Shift-Dir - straight line, f/p - dart slug
Aim: a dart slug (moderately wounded)
You freeze the dart slug.
The dart slug is severely wounded.
The dart slug closely misses you.
Casting: Freeze (safe; 3% risk of failure)
Confirm with . or Enter, or press ? or * to list all spells.
Aiming: Freeze (safe; 3% risk of failure)
Press: ? - help, Shift-Dir - straight line, f/p - dart slug
Aim: a dart slug (severely wounded)
You freeze the dart slug.
You kill the dart slug!
The gnoll hits you from afar with a +0 spear.
The gnoll hits you from afar with a +0 spear.
The frilled lizard closely misses you.
Casting: Freeze (safe; 3% risk of failure)
Confirm with . or Enter, or press ? or * to list all spells.
You don't know that spell.
The frilled lizard attacks as you move away!
The frilled lizard bites you.
You open the door. The frilled lizard closely misses you.
The gnoll hits you from afar with a +0 spear.
The frilled lizard misses you.
The gnoll hits you from afar with a +0 spear!
Ouch! That really hurt!
You die...

....≈≈≈≈§§. #. . ..
......§§... ###.. .#.#
#...§.§≈≈§. .r... ...#
#..§..≈§≈≈≈ ...... #..#
##....≈≈§§≈≈ ......
#..####....§≈≈§≈≈. ......####
#........[.≈≈≈≈... .........#
#..........§§.....
.........####@###.#...≈.......
............l.....#..........#
...........g......#..........#
..................#)######....
####...#######'##...# ##....
#... ##...>..## #..... #...
#........# #...#. #...
#........# #...#. #...
#........####...#.


You could see a gnoll and a frilled lizard.

Vanquished Creatures
  A dart slug (D:1)
  A kobold (D:1)
  A bat (D:1)
  A rat (D:1)
4 creatures vanquished.

Notes
Turn   | Place    | Note
-------+----------+-------------------------------------------
     0 | D:1      | Ghostmaker01 the Vampire Ice Elementalist began the quest
                  | for the Orb.
     0 | D:1      | Reached XP level 1. HP: 13/13 MP: 3/3
    99 | D:1      | Slain by a gnoll

Illustrated notes

Levels and vault maps discovered:
D:1:      onia_arrival_pentagram, layout_basic,
          hellmonk_ecumenical_altar_dog_temple, st_stairs_2, minmay_nonomino_d4

Action                     || total
---------------------------++-------
  Melee: Unarmed           ||     3
   Cast: Freeze            ||     9
    Use: Potion            ||     1
 Armour: Robe              ||     5
  Dodge: Dodged            ||    23

Table legend: (Time is in decaauts)
 A = Elapsed time spent in this place.
 B = Non-inter-level travel time spent in this place.
 C = Inter-level travel time spent in this place.
 D = Time resting spent in this place.
 E = Time spent auto-exploring this place.
 F = Levels seen in this place.
 G = Mean time per level.
                   A        B        C        D        E       F      G
               +--------+--------+--------+--------+--------+-----+--------+
         Total |     99 |     99 |      0 |      0 |     16 |   1 |   99.0 |
       Dungeon |     99 |     99 |      0 |      0 |     16 |   1 |   99.0 |
               +--------+--------+--------+--------+--------+-----+--------+

Top non-repeatable levels by time:
     D:1: 99 daAuts
